 Dungeon Crawl Stone Soup version 0.19-a0-1637-gfc13266 (webtiles) character file.

165763 sveltemanboy the Black Belt (level 17, 0/102 HPs)
             Began as a Demonspawn Monk on Sept 18, 2016.
             Was the Champion of Ru.
             Shot with a bolt by a naga sharpshooter (6 damage)
             ... on level 4 of the Snake Pit on Sept 19, 2016.
             The game lasted 01:58:35 (35625 turns).

sveltemanboy the Black Belt (Demonspawn Monk)      Turns: 35625, Time: 01:58:37

Health: 0/102      AC: 26    Str: 24    XL:     17   Next: 28%
Magic:  0/32       EV: 20    Int: 15    God:    Ru [******]
Gold:   1165       SH:  3    Dex: 18    Spells: 0 memorised, 16 levels left

rFire  . . .     SeeInvis .       - Unarmed
rCold  . . .     Gourm    .     c - +4 leather armour of Indemnity {+Inv rElec MP+9 Slay+4}
rNeg   . . .     Faith    .     (no shield)
rPois  +         Spirit   +     n - +2 helmet
rElec  +         Dismiss  .     O - +2 cloak
rCorr  +         Reflect  +     x - +1 pair of gloves {Str+3}
MR     ++++.     Harm     .     (boots unavailable)
Stlth  .......... Rnd*Rage +    D - +3 amulet of reflection Rnd*Tele +
                                p - ring of Xom's Sleight of Hands {rCorr rPois}
                                R - ring "Katidgh" {MR+++ EV+3 Int+6 Stlth-}

@: lethally poisoned (0 -> -1), no potions, no scrolls, sanguine armour
A: talons 3, berserk 1, blink, demonic guardian 2, dopey 1, frail 2, low mp 1,
strong 2, teleportitis 2, wild magic 1, magic shield, magic regeneration, magic
link, no device heal 1, inability to drink while threatened, inability to read
while threatened, no stealth, no conjurations magic, no fire magic, no
transmutations magic, reduced EV 1, MP-powered wands, sanguine armour 2
a: Blink, Draw Out Power, Power Leap, Apocalypse, Renounce Religion, Evoke
Invisibility


You were on level 4 of the Snake Pit.
You worshipped Ru.
Ru was exalted by your worship.
You were not hungry.

You visited 5 branches of the dungeon, and saw 27 of its levels.
You also visited: Labyrinth and Ice Cave.

You collected 2620 gold pieces.
You spent 1455 gold pieces at shops.

Inventory:

Armour
 c - the +4 leather armour of Indemnity (worn) {+Inv rElec MP+9 Slay+4}
   (You found it on level 9 of the Dungeon)

   It affects your accuracy and damage with ranged weapons and melee attacks
   (+4).
   It insulates you from electricity.
   It affects your magic capacity (+9).
   It lets you turn invisible.
 n - a +2 helmet (worn)
 x - a +1 pair of gloves of strength (worn)
 y - a +2 shield of reflection
 O - a +2 cloak (worn)
Rods
 M - a +0 rod of inaccuracy (12/12)
   (You found it in a labyrinth)
Jewellery
 p - the ring of Xom's Sleight of Hands (right hand) {rCorr rPois}
   (You found it on level 2 of the Lair of Beasts)

   [ring of resist corrosion]

   It protects you from poison.
 t - an uncursed ring of see invisible
 z - an uncursed ring of protection from fire
 A - an uncursed ring of protection from cold
 D - a +3 amulet of reflection (around neck)
 R - the ring "Katidgh" (left hand) {MR+++ EV+3 Int+6 Stlth-}
   (You found it in an ice cave)

   [ring of evasion]

   It affects your evasion (+3).
   It affects your intelligence (+6).
   It affects your resistance to hostile enchantments.
   It makes you less stealthy.
Wands
 b - a wand of hasting (3/9)
 d - a wand of acid (0/15)
 g - a wand of acid (0/15)
 i - a wand of acid (6/15)
 s - a wand of disintegration (11/24)
 C - a wand of teleportation (3/9)
 G - a wand of digging (13/24)
 J - a wand of iceblast (0/15)
 L - a wand of acid (10/15)
 P - a wand of acid (4/15)
Scrolls
 a - 3 scrolls of magic mapping
 e - 2 scrolls of enchant weapon
 h - 3 scrolls of enchant armour
 j - 6 scrolls of recharging
 k - 10 scrolls of identify
 l - 3 scrolls of blinking
 o - 8 scrolls of remove curse
 r - 4 scrolls of fear
 F - 3 scrolls of teleportation
 I - 2 scrolls of fog
Potions
 m - 2 potions of invisibility
 v - 3 potions of berserk rage
 w - a potion of cancellation
 H - 2 potions of curing
Miscellaneous
 E - a fan of gales (inert)
 N - a phial of floods (inert)
Comestibles
 f - 19 meat rations
 q - 3 bread rations


   Skills:
 - Level 10.0 Fighting
 - Level 10.0 Armour
 - Level 11.0 Dodging
 + Level 4.0 Shields
 * Level 19.8 Unarmed Combat
 + Level 12.1 Evocations


You had 16 spell levels left.
You didn't know any spells.

Dungeon Overview and Level Annotations

Branches:
Dungeon (14/15)            Temple (0/1) D:5            Lair (6/6) D:10
  Swamp (0/4) Lair:3        Snake (4/4) Lair:4        Slime (0/5) Lair:6
    Orc (2/2) D:12            Elf (1/3) Orc:2        Vaults (0/5) D:14

Altars:
Ashenzari
Cheibriados
Dithmenos
Elyvilon
Fedhas
Gozag
Hepliaklqana
Kikubaaqudgha
Okawaru
Qazlal
Ru
Sif Muna
Trog
Uskayaw
Vehumet
Zin
The Shining One

Shops:
D:7 *   D:11 [   Orc:2 [}*!   Elf:1 ([

Portals:
Pandemonium: Orc:2

Annotations:
D:6 5 runed doors, exclusions: 2 doors and 2 more exclusions


Innate Abilities, Weirdness & Mutations

You have claws for feet.
A demonic guardian rushes to your aid.
You are very frail. (-20% HP)
When hurt, damage is shared between your health and your magic reserves.
You regenerate magic rapidly.
When low on magic, you restore magic in place of health.
Potions and wands are less effective at restoring your health.
You cannot drink potions while threatened.
You cannot read scrolls while threatened.
You cannot be stealthy.
You cannot study or cast Conjurations magic.
You cannot study or cast Fire magic.
You cannot study or cast Transmutations magic.
You have somewhat slow reflexes. (EV -3)
When seriously injured, your bleeding wounds create thick armour. (AC +9)
You tend to lose your temper in combat.
You can translocate small distances at will.
You are dopey. (Int -2)
Your magical capacity is low. (-10% MP)
Your muscles are very strong. (Str +4)
You are sometimes teleported next to monsters.
Your spells are a little harder to cast, but a little more powerful.
You expend magic power (3 MP) to strengthen your wands.


Message History

The naga sharpshooter wields an uncursed glowing scimitar.
The naga sharpshooter misses your sixfirhy.
The naga sharpshooter grabs your sixfirhy.
The naga sharpshooter constricts your sixfirhy.
A splash of poison appears from out of your range of vision.
The splash of poison hits your sixfirhy.
Your sixfirhy appears unharmed.
A greater naga comes into view. It is wielding a halberd.
You feel sick.
The naga sharpshooter unwields an uncursed dire flail.
The naga sharpshooter wields an uncursed longbow.
The naga sharpshooter gestures wildly while chanting.
The naga sharpshooter magically shoots an arrow.
The arrow hits you but does no damage.
The naga sharpshooter gestures wildly while chanting.
The naga sharpshooter magically shoots a bolt.
The bolt hits you!!
You feel threatened and lose the ability to read scrolls!
You feel threatened and lose the ability to drink potions!
You die...

##.......#### #...(()#
#.....#N## #......#
#.....#.## #NN.#..#
##.......#### #N.....#
#.......N..#####(.....#
##......N......(...N...
###..........#N.N.....
####.......#.3.......
#####...3@....N..
######......# ......#
......# N.....# ....N.#
......# ..N....


You could see a naga warrior, a greater naga, 3 naga sharpshooters, a
salamander, a naga mage, 5 nagas and 2 friendly sixfirhies.

Vanquished Creatures
  Jorgrun (Snake:2)
  Kirke (Elf:1)
  2 greater nagas
  A frost giant (IceCv)
  An orc warlord (Orc:1)
  A stone giant (Orc:1)
  A deep elf demonologist (Elf:1)
  2 deep elf annihilators (Elf:1)
  Snorg (Lair:4)
  A minotaur (Lab)
  3 hydras
  6 anacondas
  5 vault guards (D:14)
  9 naga warriors
  A catoblepas (Lair:3)
  A centaur warrior (D:14)
  A death knight (D:14)
  4 dancing weapons (Elf:1)
  Urug (D:12)
  5 shock serpents
  5 death yaks
  6 orc high priests (Orc:2)
  A naga sharpshooter (Snake:4)
  A soul eater (Orc:2)
  3 deep elf knights (Elf:1)
  2 salamander mystics
  2 unseen horrors
  7 naga ritualists
  An infernal demonspawn (Orc:2)
  A deep troll (shapeshifter) (D:13)
  5 hill giants
  A putrid demonspawn (Orc:2)
  6 deep elf archers (Elf:1)
  4 orc knights (Orc:2)
  8 mana vipers
  Pikel (D:8)
  2 ugly things
  26 deep elf magi
  7 orc sorcerers
  A manticore (Lair:2)
  Joseph (D:8)
  10 salamanders
  13 elephants
  A smoke demon (Orc:2)
  32 black mambas
  2 ice statues
  A rust devil (Orc:2)
  11 naga magi
  4 guardian serpents
  2 centaur skeletons
  A torpor snail (Lair:2)
  An orange demon (Orc:2)
  13 spiny frogs
  A kobold demonologist (D:10)
  5 rime drakes
  6 komodo dragons
  2 freezing wraiths (D:14)
  2 minotaur zombies (Lab)
  3 trolls
  A queen bee (Lair:2)
  A two-headed ogre (Orc:1)
  13 polar bears
  12 blink frogs
  6 slime creatures
  12 hippogriffs
  2 dream sheep (Lair:2)
  11 spriggans (Lair:6)
  A ynoxinul (Orc:2)
  2 wraiths
  5 wyverns
  2 redbacks (Lair:6)
  58 yaks
  Grum (D:9)
  A hog (Elf:1)
  3 basilisks
  A fire elemental (Elf:1)
  A steam dragon (D:14)
  A chaos spawn (Orc:2)
  A neqoxec (Orc:2)
  A mottled dragon (D:10)
  5 vampire mosquitoes
  A hungry ghost (D:14)
  5 wargs
  2 soldier ants
  28 nagas
  15 water moccasins
  5 porcupines
  2 ice beasts
  39 orc warriors
  A swamp drake (Lair:3)
  4 sky beasts
  3 phantoms
  5 wasps
  A black bear (D:10)
  A necrophage (D:10)
  8 centaurs
  4 boggarts (Lair:6)
  An eye of draining (D:13)
  3 ogres
  41 wolves
  7 crocodiles
  2 big kobolds (D:9)
  20 bullfrogs
  3 earth elementals (Elf:1)
  2 gnoll sergeants (D:9)
  A wyvern skeleton (D:11)
  36 killer bees
  2 scorpions
  6 howler monkeys
  A wight (D:13)
  4 electric eels
  4 crimson imps
  2 lava snakes (D:13)
  2 centaur zombies
  9 hounds
  2 jellies
  A gnoll shaman (D:9)
  5 bullfrog skeletons
  29 orc priests
  8 iguanas
  20 orc wizards
  9 worker ants
  A hound zombie (D:5)
  4 hound skeletons
  Robin (D:4)
  13 gnolls
  34 river rats
  13 adders
  3 shadow imps
  A white imp (D:5)
  3 oozes
  An adder zombie (D:9)
  An adder skeleton (D:4)
  A worm (D:2)
  2 dart slugs
  7 leopard geckos
  98 orcs
  5 giant cockroaches
  23 goblins
  23 hobgoblins
  4 jackals
  20 kobolds
  5 quokkas
  2 ball pythons
  10 bats
  7 frilled lizards
  A giant cockroach zombie (D:6)
  A leopard gecko skeleton (D:6)
  9 rats
  3 plants
1030 creatures vanquished.

Vanquished Creatures (collateral kills)
  Donald (Snake:1)
  A deep elf demonologist (Elf:1)
  Nessos (D:14)
  A hydra (Lair:6)
  3 vault guards (D:14)
  A naga warrior (Snake:2)
  2 death yaks (Lair:6)
  A shock serpent (Snake:2)
  Sonja (D:13)
  An unseen horror (D:14)
  8 deep elf magi
  A hornet (shapeshifter) (D:14)
  2 salamanders (Snake:2)
  4 elephants
  2 black mambas (Snake:2)
  2 spiny frogs (Lair:2)
  2 naga magi (Snake:2)
  A polar bear (Lair:6)
  2 blink frogs
  A spriggan (Lair:6)
  15 yaks
  A wyvern (Lair:6)
  A hungry ghost (D:10)
  A warg (Orc:1)
  3 nagas
  A black bear (Lair:6)
  An ogre (D:5)
  8 wolves
  2 crocodiles
  3 bullfrogs
  4 killer bees (Lair:2)
  A howler monkey (D:13)
  An orc wizard (Orc:1)
  2 worker ants
  A gnoll (D:10)
  4 orcs
87 creatures vanquished.

Vanquished Creatures (others)
  2 deep elf magi
  An elephant (Lair:6)
  3 black mambas
  4 humans (Elf:1)
  A spiny frog (Lair:6)
  A yak (D:11)
  A crocodile (Lair:1)
  A bullfrog (D:13)
  2 orcs
  3 jackals (D:8)
  8 fungi
  7 plants
34 creatures vanquished.

Grand Total: 1151 creatures vanquished

Notes
Turn   | Place    | Note
-------+----------+-------------------------------------------
     0 | D:1      | sveltemanboy the Demonspawn Monk began the quest for the Orb.
     0 | D:1      | Reached XP level 1. HP: 18/18 MP: 1/1
   179 | D:1      | Reached skill level 3 in Unarmed Combat
   189 | D:1      | Gained mutation: You have sharp toenails. [demonic ancestry]
   189 | D:1      | Reached XP level 2. HP: 20/24 MP: 2/2
   691 | D:2      | Reached XP level 3. HP: 21/29 MP: 3/3
   700 | D:2      | Reached skill level 1 in Armour
  1244 | D:2      | Found an opulent altar of Gozag.
  1260 | D:2      | Found a shadowy altar of Dithmenos.
  1260 | D:2      | Found a deep blue altar of Sif Muna.
  1262 | D:2      | Found a sacrificial altar of Ru.
  1279 | D:2      | Became a worshipper of Ru the Awakened
  1291 | D:2      | Gained mutation: You cannot be stealthy. [Ru sacrifice]
  1794 | D:3      | Gained mutation: You have razor-sharp toenails. [demonic ancestry]
  1794 | D:3      | Reached XP level 4. HP: 35/35 MP: 4/4
  2051 | D:3      | Reached skill level 4 in Unarmed Combat
  2089 | D:3      | Found a bloodstained altar of Trog.
  2388 | D:3      | Reached XP level 5. HP: 41/41 MP: 5/5
  2863 | D:4      | Noticed Robin
  2971 | D:4      | Killed Robin
  2976 | D:4      | Noticed a phantom
  3010 | D:4      | Gained mutation: Armour fits poorly on your strangely shaped body. [potion of mutation]
  3010 | D:4      | Gained mutation: Your spells are a little harder to cast, but a little more powerful. [potion of mutation]
  3010 | D:4      | Gained mutation: Your mind is acute. (Int +2) [potion of mutation]
  3011 | D:4      | Gained mutation: You evolve. [potion of mutation]
  3011 | D:4      | Gained mutation: You are agile. (Dex +2) [potion of mutation]
  3011 | D:4      | Gained mutation: You expend magic power (3 MP) to strengthen your wands. [potion of mutation]
  3017 | D:4      | Killed a phantom
  3017 | D:4      | Reached skill level 5 in Unarmed Combat
  3017 | D:4      | Gained mutation: A weak demonic guardian rushes to your aid. [demonic ancestry]
  3017 | D:4      | Reached XP level 6. HP: 47/47 MP: 6/6
  3407 | D:4      | Lost mutation: Your mind is acute. (Int +2) [potion of cure mutation]
  3407 | D:4      | Lost mutation: Your spells are a little harder to cast, but a little more powerful. [potion of cure mutation]
  3748 | D:4      | Gained mutation: You cannot read scrolls while threatened. [Ru sacrifice]
  3748 | D:4      | Reached * piety under Ru
  3748 | D:4      | Reached ** piety under Ru
  3794 | D:4      | Found a blossoming altar of Fedhas.
  4043 | D:5      | Entered Level 5 of the Dungeon
  4043 | D:5      | Noticed a dagger
  4043 | D:5      | Noticed a hand axe
  4044 | D:5      | Found a hide-covered altar of Uskayaw.
  4045 | D:5      | Noticed an orc warrior
  4069 | D:5      | Reached skill level 6 in Unarmed Combat
  4069 | D:5      | Reached XP level 7. HP: 38/52 MP: 7/7
  4087 | D:5      | Reached skill level 1 in Evocations
  4165 | D:5      | Gained mutation: You are covered in fur. (AC +1) [evolution]
  4517 | D:5      | Found a white marble altar of Elyvilon.
  4517 | D:5      | Found a glowing golden altar of the Shining One.
  4518 | D:5      | Found a glowing silver altar of Zin.
  4982 | D:5      | Found a staircase to the Ecumenical Temple.
  5513 | D:5      | Reached skill level 7 in Unarmed Combat
  5513 | D:5      | Gained mutation: When hurt, damage is shared between your health and your magic reserves. [demonic ancestry]
  5513 | D:5      | Reached XP level 8. HP: 58/58 MP: 9/9
  5671 | D:6      | Found a runed gate.
  5674 | D:6      | Found a runed door.
  5688 | D:6      | Found a runed gate.
  5701 | D:6      | Found a runed door.
  5803 | D:6      | Found an iron altar of Okawaru.
  5850 | D:6      | Found a hazy altar of Hepliaklqana.
  6085 | D:6      | Found a runed gate.
  6186 | D:6      | Lost mutation: You expend magic power (3 MP) to strengthen your wands. [evolution]
  6476 | D:6      | Found a snail-covered altar of Cheibriados.
  6477 | D:6      | Found a stormy altar of Qazlal.
  6479 | D:6      | Found an ancient bone altar of Kikubaaqudgha.
  6612 | D:7      | Gained mutation: You cannot study or cast Fire magic. [Ru sacrifice]
  6612 | D:7      | Gained mutation: You cannot study or cast Transmutations magic. [Ru sacrifice]
  6612 | D:7      | Gained mutation: You cannot study or cast Conjurations magic. [Ru sacrifice]
  6612 | D:7      | Reached *** piety under Ru
  6793 | D:7      | Found Oralu's General Store.
  6799 | D:7      | Bought a +3 amulet of reflection for 275 gold pieces
  6799 | D:7      | Bought a scroll of torment for 82 gold pieces
  7747 | D:8      | Reached skill level 8 in Unarmed Combat
  7784 | D:8      | Reached skill level 5 in Armour
  7878 | D:8      | Noticed Joseph
  7886 | D:8      | Gained mutation: Your mind is acute. (Int +2) [evolution]
  7915 | D:8      | Killed Joseph
  7915 | D:8      | Gained mutation: You regenerate magic rapidly. [demonic ancestry]
  7915 | D:8      | Reached XP level 9. HP: 37/63 MP: 12/12
  7922 | D:8      | Noticed Pikel
  7934 | D:8      | Killed Pikel
  7934 | D:8      | Reached skill level 9 in Unarmed Combat
  7934 | D:8      | Reached skill level 5 in Evocations
  8709 | D:9      | Gained mutation: You cannot drink potions while threatened. [Ru sacrifice]
  8709 | D:9      | Reached **** piety under Ru
  8739 | D:9      | Noticed a troll
  8754 | D:9      | Killed a troll
  8921 | D:9      | Found a glowing golden altar of the Shining One.
  8956 | D:9      | Reached skill level 10 in Unarmed Combat
  9138 | D:9      | Gained mutation: When seriously injured, your bleeding wounds create armour. (AC +9) [demonic ancestry]
  9138 | D:9      | Reached XP level 10. HP: 65/70 MP: 13/13
  9225 | D:9      | Noticed Grum
  9255 | D:9      | Killed Grum
  9885 | D:9      | Reached skill level 5 in Dodging
 10234 | D:9      | Reached skill level 11 in Unarmed Combat
 10519 | D:9      | Got a distressingly furry leather armour
 10530 | D:9      | Identified the +4 leather armour of Indemnity {+Inv rElec MP+9 Slay+4} (You found it on level 9 of the Dungeon)
 10658 | D:10     | Entered Level 10 of the Dungeon
 10685 | D:10     | Found a shattered altar of Ashenzari.
 10708 | D:10     | Gained mutation: You are resistant to electric shocks. (rElec) [mutagenic meat]
 10711 | D:10     | Gained mutation: You possess an exceptional clarity of mind. [mutagenic meat]
 10714 | D:10     | Lost mutation: You possess an exceptional clarity of mind. [mutagenic meat]
 10891 | D:10     | Noticed a hill giant
 10899 | D:10     | Killed a hill giant
 10915 | D:10     | Reached skill level 5 in Fighting
 11213 | D:10     | Found a staircase to the Lair.
 11262 | D:10     | Gained mutation: You are frail. (-10% HP) [Ru sacrifice]
 11262 | D:10     | Reached ***** piety under Ru
 11299 | D:10     | Reached skill level 12 in Unarmed Combat
 11441 | D:10     | Reached XP level 11. HP: 56/72 MP: 14/14
 11696 | D:10     | Noticed a hill giant
 11841 | D:10     | Killed a hill giant
 12220 | D:11     | Found Lidinn's Antique Armour Shop.
 12377 | D:11     | Noticed a hill giant
 12385 | D:11     | Killed a hill giant
 12837 | D:11     | Gained mutation: Potions and wands are less effective at restoring your health. [Ru sacrifice]
 12985 | D:11     | Lost mutation: Armour fits poorly on your strangely shaped body. [evolution]
 13362 | D:12     | Found a staircase to the Orcish Mines.
 13367 | D:12     | Noticed Urug
 13368 | D:12     | Noticed a deep elf mage
 13388 | D:12     | Killed a deep elf mage
 13406 | D:12     | Killed Urug
 13406 | D:12     | Reached skill level 13 in Unarmed Combat
 13546 | D:12     | Noticed a red ugly thing
 13558 | D:12     | Killed a red ugly thing
 13565 | D:12     | Gained mutation: You can translocate small distances at will. [mutagenic meat]
 13970 | D:12     | Lost mutation: You evolve. [end of evolution]
 14241 | D:13     | Found an opulent altar of Gozag.
 14283 | D:13     | Gained mutation: A demonic guardian rushes to your aid. [demonic ancestry]
 14283 | D:13     | Reached XP level 12. HP: 47/82 MP: 15/17
 14566 | D:13     | Noticed Sonja
 14586 | D:13     | Killed Sonja
 15025 | D:13     | Gained mutation: You are very frail. (-20% HP) [mutagenic meat]
 15028 | D:13     | Gained mutation: Potions and wands are poor at restoring your health. [mutagenic meat]
 15031 | D:13     | Gained mutation: Armour fits poorly on your strangely shaped body. [mutagenic meat]
 15242 | D:13     | Reached skill level 14 in Unarmed Combat
 15589 | D:14     | Noticed Nessos
 15599 | D:14     | Killed Nessos
 15809 | D:14     | Found a radiant altar of Vehumet.
 15970 | D:14     | Found a gate to the Vaults.
 15970 | D:14     | Noticed a vault guard
 15970 | D:14     | Noticed a vault guard
 15970 | D:14     | Noticed a vault guard
 15970 | D:14     | Noticed a vault guard
 15970 | D:14     | Noticed a vault guard
 15971 | D:14     | Noticed a vault guard
 16017 | D:14     | Killed a vault guard
 16024 | D:14     | Killed a vault guard
 16030 | D:14     | Killed a vault guard
 16046 | D:14     | Killed a vault guard
 16047 | D:14     | Killed a vault guard
 16053 | D:14     | Killed a vault guard
 16414 | D:14     | Noticed a vault guard
 16424 | D:14     | Killed a vault guard
 16469 | D:14     | Noticed a vault guard
 16478 | D:14     | Killed a vault guard
 16530 | D:14     | Noticed a death knight
 16530 | D:14     | Noticed a centaur warrior
 16537 | D:14     | Killed a death knight
 16537 | D:14     | Gained mutation: When seriously injured, your bleeding wounds create thick armour. (AC +9) [demonic ancestry]
 16537 | D:14     | Reached XP level 13. HP: 51/80 MP: 18/19
 16926 | D:14     | Lost mutation: Your mind is acute. (Int +2) [potion of cure mutation]
 16926 | D:14     | Lost mutation: You are very frail. (-20% HP) [potion of cure mutation]
 16926 | D:14     | Lost mutation: You are agile. (Dex +2) [potion of cure mutation]
 16926 | D:14     | Lost mutation: Armour fits poorly on your strangely shaped body. [potion of cure mutation]
 16926 | D:14     | Lost mutation: You are covered in fur. (AC +1) [potion of cure mutation]
 16926 | D:14     | Lost mutation: You are resistant to electric shocks. (rElec) [potion of cure mutation]
 16926 | D:14     | Lost mutation: Potions and wands are poor at restoring your health. [potion of cure mutation]
 17181 | Lair:1   | Entered Level 1 of the Lair of Beasts
 17190 | Lair:1   | Reached skill level 15 in Unarmed Combat
 17266 | Lair:1   | Found a labyrinth entrance.
 17296 | Lab      | Entered a labyrinth
 17383 | Lab      | Noticed a minotaur
 17389 | Lab      | Killed a minotaur
 17542 | Lair:1   | Identified a +0 rod of inaccuracy (12/12) (You found it in a labyrinth)
 18297 | Lair:2   | Got a coiled amber ring
 18299 | Lair:2   | Identified the ring of Xom's Sleight of Hands {rCorr rPois} (You found it on level 2 of the Lair of Beasts)
 18412 | Lair:2   | Reached skill level 10 in Fighting
 18887 | Lair:2   | Reached skill level 10 in Evocations
 19956 | Lair:3   | Found a staircase to the Swamp.
 20237 | Lair:3   | Gained mutation: You have somewhat slow reflexes. (EV -3) [Ru sacrifice]
 20237 | Lair:3   | Reached ****** piety under Ru
 20312 | Lair:3   | Reached skill level 16 in Unarmed Combat
 20708 | Lair:4   | Reached XP level 14. HP: 87/99 MP: 21/21
 20943 | Lair:4   | Noticed Snorg
 20963 | Lair:4   | Killed Snorg
 21120 | Lair:4   | Found a staircase to the Snake Pit.
 22709 | Lair:6   | Entered Level 6 of the Lair of Beasts
 23323 | Lair:6   | Found a staircase to the Slime Pits.
 24127 | Lair:6   | Reached skill level 17 in Unarmed Combat
 24735 | Orc:1    | Entered Level 1 of the Orcish Mines
 24828 | Orc:1    | Noticed an orc warlord
 24857 | Orc:1    | Killed an orc warlord
 25008 | Orc:1    | Noticed a stone giant
 25022 | Orc:1    | Killed a stone giant
 25299 | Orc:2    | Entered Level 2 of the Orcish Mines
 25424 | Orc:2    | Gained mutation: When low on magic, you restore magic in place of health. [demonic ancestry]
 25424 | Orc:2    | Reached XP level 15. HP: 52/103 MP: 20/22
 25633 | Orc:2    | Found a staircase to the Elven Halls.
 25865 | Orc:2    | Found a frozen archway.
 25880 | IceCv    | Entered an ice cave
 26476 | IceCv    | Noticed a frost giant
 26495 | IceCv    | Killed a frost giant
 26698 | IceCv    | Got a warped jade ring
 26700 | IceCv    | Identified the ring "Katidgh" {MR+++ EV+3 Int+6 Stlth-} (You found it in an ice cave)
 27449 | Orc:2    | Found Zuxuet's Distillery.
 27479 | Orc:2    | Found Ixeesch's General Store.
 27957 | Orc:2    | Gained mutation: Your magical capacity is low. (-10% MP) [a neqoxec]
 28709 | Orc:2    | Reached skill level 18 in Unarmed Combat
 28997 | Orc:2    | Found Jushuw's Gadget Shoppe.
 28997 | Orc:2    | Found a one-way gate leading to the halls of Pandemonium.
 28997 | Orc:2    | Found Cuygoah's Antique Armour Emporium.
 29003 | Orc:2    | Bought a wand of random effects (7/48) for 58 gold pieces
 29003 | Orc:2    | Bought a fan of gales for 520 gold pieces
 29003 | Orc:2    | Bought a phial of floods for 520 gold pieces
 29049 | Elf:1    | Entered Level 1 of the Elven Halls
 29170 | Elf:1    | Noticed Kirke
 29183 | Elf:1    | Killed Kirke
 29183 | Elf:1    | Reached skill level 10 in Armour
 29343 | Elf:1    | Noticed an Executioner
 29347 | Elf:1    | Found Koewenei's Antique Armour Boutique.
 29348 | Elf:1    | Found Fuomnaho's Antique Weapon Shop.
 29356 | Elf:1    | Reached skill level 10 in Dodging
 29514 | Elf:1    | Gained mutation: You have claws for feet. [demonic ancestry]
 29514 | Elf:1    | Reached XP level 16. HP: 61/109 MP: 21/21
 29725 | Elf:1    | Upgraded the game from 0.19-a0-1626-g5215c36 to 0.19-a0-1637-gfc13266
 29901 | Elf:1    | Gained mutation: Your muscles are strong. (Str +2) [potion of mutation]
 29901 | Elf:1    | Gained mutation: You tend to lose your temper in combat. [potion of mutation]
 29901 | Elf:1    | Gained mutation: You are occasionally teleported next to monsters. [potion of mutation]
 30019 | Elf:1    | Identified the Tome of Summoning
 30659 | Snake:1  | Entered Level 1 of the Snake Pit
 31189 | Snake:1  | Gained mutation: You expend magic power (3 MP) to strengthen your wands. [potion of mutation]
 31189 | Snake:1  | Gained mutation: Your spells are a little harder to cast, but a little more powerful. [potion of mutation]
 31189 | Snake:1  | Gained mutation: You are sometimes teleported next to monsters. [potion of mutation]
 31371 | Snake:1  | Noticed Donald
 31386 | Snake:1  | Killed Donald
 31755 | Snake:2  | Found a blossoming altar of Fedhas.
 32124 | Snake:2  | Reached skill level 19 in Unarmed Combat
 33064 | Snake:2  | Reached skill level 1 in Shields
 33146 | Snake:2  | Noticed Jorgrun
 33161 | Snake:2  | Killed Jorgrun
 33297 | Snake:2  | Gained mutation: Your muscles are very strong. (Str +4) [mutagenic meat]
 34261 | Snake:3  | Reached XP level 17. HP: 115/115 MP: 23/23
 34688 | Snake:3  | Lost mutation: Your muscles are very strong. (Str +4) [mutagenic meat]
 34691 | Snake:3  | Gained mutation: You are very frail. (-20% HP) [mutagenic meat]
 34694 | Snake:3  | Gained mutation: You are dopey. (Int -2) [mutagenic meat]
 34697 | Snake:3  | Gained mutation: Your muscles are very strong. (Str +4) [mutagenic meat]
 35431 | Snake:4  | Entered Level 4 of the Snake Pit
 35625 | Snake:4  | Shot with a bolt by a naga sharpshooter

Vault maps used:
D:1:      dpeg_arrival_orchard
D:2:      minitemple
D:3:      lightli_temple_of_fire, first_bread
D:4:      kennysheep_little_box, serial_bayou_lagoon_a, uniq_robin
D:5:      corexii_shantytown, good_gods_temple_1, dancing_weapons_uskayaw,
          minmay_fire_ice_demons
D:6:      lemuel_round_altar, lemuel_coloured_pillars_altar,
          nicolae_overflow_hidden_temple, roderic_lattice_a,
          minmay_guarded_unrand_staff_of_olgreb
D:7:      serial_shops, shop, kennysheep_generic_room_16
D:8:      uniq_joseph, uniq_pikel
D:9:      kennysheep_housing_project, basic_altar, serial_glass,
          glass_columns_a, glass_columns_c, glass_columns_a, glass_columns_a,
          hangedman_pestilent_swarm, minmay_misc_feat_chi, uniq_grum
D:10:     erik_lair_orcish_takeover, basic_altar, minivault_16,
          hangedman_decor_growths, st_stairs_5, minmay_radiant
D:11:     serial_shops, shop, nicolae_two_hexagons
D:12:     boulder_corridor_run, david_orc_3, special_room, uniq_urug
D:13:     basic_altar, uniq_sonja
D:14:     erik_vaults_2, lemuel_tele_altar, uniq_nessos
Lair:1:   lab_entry_generic, fungi_pond_lemuel, grunt_megastairs_3,
          serial_bayou_shore_a
Lair:2:   regret_index_wax_grids, infiniplex_staircase_pool_2
Lair:3:   minmay_swamp_entry_reptiles, grunt_megastairs_4
Lair:4:   guppyfry_snake_entry_garden, serial_bayou_shore_b,
          infiniplex_staircase_pool, serial_bayou_shore_b, lemuel_fruit_tree,
          uniq_snorg
Lair:5:   small_statue_intersection
Lair:6:   minmay_lair_end_enchanted_forest, slime_dummy,
          hangedman_lair_unloving_vines, serial_bayou_pond_d
Snake:1:  dpeg_stationary_puzzle, uniq_donald
Snake:2:  kennysheep_snake, basic_altar, grunt_ministairs_13,
          serial_bayou_shore_b, uniq_jorgrun
Snake:4:  minmay_snake_end_coiled, corexii_hall_statues_l
Orc:1:    library_closet, minmay_orc_keep
Orc:2:    pf_orc_diabolical, portal_ice_cave_rime, elves_outpost_lemuel
Elf:1:    eino_elf_arrival_sip, minmay_elf_demonology, minmay_shoptagon,
          uniq_kirke
Lab:      labyrinth_hidden_loot, labyrinth_skeletal_remains,
          nicolae_lab_flowing_pool
IceCv:    ice_cave_caverns_01

Skill      XL: |  1  2  3  4  5  6  7  8  9 10 11 12 13 14 15 16 17 |
---------------+----------------------------------------------------+-----
Unarmed Combat | 3 4 5 6 7 8 10 12 13 14 16 17 18 19 | 19.8
Dodging        | 3 4 5 6 8 10 11 | 11.0
Armour         | 1 2 3 4 5 6 8 10 | 10.0
Stealth        | 0 |  0.0
Evocations     | 2 4 5 7 9 10 11 12 | 12.1
Fighting       | 5 7 9 10 | 10.0
Shields        | 2 4 |  4.0

Action                   |  1- 3 |  4- 6 |  7- 9 | 10-12 | 13-15 | 16-18 || total
-------------------------+-------+-------+-------+-------+-------+-------++-------
Melee: Unarmed           |   178 |   308 |   501 |   807 |  1584 |   604 ||  3982
       Punch             |     4 |     6 |    15 |    66 |   162 |    84 ||   337
       Kick              |    36 |    70 |   143 |   296 |   614 |   258 ||  1417
Throw: Javelin           |       |       |     8 |    28 |       |       ||    36
Invok: Sacrifice Stealth |     1 |       |       |       |       |       ||     1
       Sacrifice Words   |       |     1 |       |       |       |       ||     1
       Draw Out Power    |       |       |     1 |     1 |       |       ||     2
       Sacrifice Arcana  |       |       |     1 |       |       |       ||     1
       Sacrifice Drink   |       |       |     1 |       |       |       ||     1
       Sacrifice Health  |       |       |       |     1 |     1 |       ||     2
       Sacrifice Purity  |       |       |       |     1 |       |       ||     1
       Reject Sacrifices |       |       |       |     1 |       |       ||     1
       Power Leap        |       |       |       |       |       |     1 ||     1
Evoke: Wand              |       |       |    10 |    19 |    14 |    10 ||    53
       Rod               |       |       |       |       |     4 |     9 ||    13
       Fan of gales      |       |       |       |       |       |     1 ||     1
       Phial of floods   |       |       |       |       |       |     1 ||     1
  Use: Potion            |       |     7 |     6 |     3 |     8 |     7 ||    31
       Scroll            |       |       |    13 |     5 |    12 |     3 ||    33
 Stab: Sleeping          |     1 |       |       |       |       |       ||     1
       Invisible         |       |     3 |     1 |     4 |    16 |    11 ||    35
       Distracted        |       |       |     5 |     7 |     8 |     6 ||    26
       Paralysed         |       |       |       |     5 |    15 |     4 ||    24
  Eat: Chunk             |     3 |     7 |    17 |    31 |    42 |    21 ||   121
       Beef jerky        |       |       |       |       |     1 |     2 ||     3
       Fruit             |       |       |       |       |       |     6 ||     6
Armor: Leather armour    |    23 |       |       |   109 |   378 |   104 ||   614
       Robe              |     1 |       |       |       |       |       ||     1
       Scale mail        |    37 |   127 |   152 |    63 |       |       ||   379
       Skin              |       |     9 |       |       |       |       ||     9
Dodge: Dodged            |   102 |   126 |   222 |   334 |   680 |   288 ||  1752
Block: Other             |       |       |    17 |    63 |   107 |    31 ||   218
       Reflection        |       |       |       |     5 |     2 |     4 ||    11
